 Dungeon Crawl Stone Soup version 0.28-a0-823-gb444dcf96d (webtiles) character file.

Game seed: 4165742014439953706

24 lawman0 the Magician (level 2, -1/33 HPs)
             Began as a Draconian Hedge Wizard on Nov 9, 2021.
             Slain by a worm (4 damage)
             ... on level 2 of the Dungeon.
             The game lasted 00:02:21 (1017 turns).

lawman0 the Magician (Draconian Hedge Wizard)       Turns: 1017, Time: 00:02:22

Health: -1/33      AC: 21    Str: 12    XL:     2   Next: 79%
Magic:  2/6        EV:  2    Int: 14    God:
Gold:   51         SH:  0    Dex: 10    Spells: 1/7 levels left

rFire   . . .      SeeInvis .   a - +0 dagger
rCold   . . .      Faith    .   (no shield)
rNeg    . . .      Spirit   .   (armour unavailable)
rPois   +          Reflect  .   (helmet currently unavailable)
rElec   .          Harm     .   (cloak currently unavailable)
rCorr   .          Rampage  .   (gloves currently unavailable)
Will    .....      NoTele   +   (boots currently unavailable)
Stlth   ++........              (no amulet)
HPRegen 0.11/turn               (no ring)
MPRegen 0.10/turn               (no ring)

@: tree-form (expiring)
A: stationary, stasis, torment immunity, boosted hp, AC +4, unfitting armour,
(cold-blooded)
a: no special abilities


You were on level 2 of the Dungeon.
You were a tree.
You visited 1 branch of the dungeon, and saw 2 of its levels.

You collected 51 gold pieces.

Inventory:

Hand Weapons
 a - a +0 dagger (weapon)
Armour
 b - a +1 hat (melded)
 c - a +2 pair of boots of flying


   Skills:
 + Level 0.4 Fighting
 + Level 2.1 Dodging
 + Level 1.9 Stealth
 + Level 3.4 Spellcasting
 * Level 1.4 Conjurations
 + Level 1.0 Summonings
 + Level 1.0 Translocations


You had one spell level left.
You knew the following spells:

 Your Spells              Type           Power      Damage    Failure   Level
a - Magic Dart            Conj           24%        1d4       12%         1
b - Slow                  Hex            8%         N/A       21%         1
c - Blink                 Tloc           10%        N/A       21%         2
d - Call Imp              Summ           5%         N/A       21%         2

Your spell library contained the following spells:

 Spells                   Type           Power      Damage    Failure   Level
 Conjure Flame            Conj/Fire      4%         6-21      43%         3
 Mephitic Cloud           Conj/Pois/Air  3%         N/A       45%         3


Dungeon Overview and Level Annotations

Branches:
Dungeon (1/15)

Altars:


Innate Abilities, Weirdness & Mutations

You are a tree.
Your roots penetrate the ground, keeping you stationary.
You cannot be teleported.
You are immune to unholy pain and torment.
Your maximum health is greatly increased.
Your equipment is partially melded.
((Your plain brown scales are hard. (AC +4)))
You cannot fit into any form of body armour.
((You are cold-blooded and may be slowed by cold attacks.))


Message History

The worm is moderately wounded.
The adder bites you but does no damage. x2
You hit the worm.
The worm is moderately wounded.
The adder barely misses you. The adder bites you but does no damage.
The worm bites you but does no damage.
The adder bites you but does no damage. x2
You hit the worm but do no damage.
The worm is moderately wounded.
The adder bites you but does no damage. x2
The worm bites you but does no damage.
You barely miss the worm.
The worm is moderately wounded.
The adder bites you but does no damage. The adder completely misses you.
You hit the worm but do no damage.
The worm is moderately wounded.
The adder bites you but does no damage. x2
The worm bites you but does no damage. The adder barely misses you.
The adder bites you but does no damage.
You hit the worm.
The worm is moderately wounded.
The adder bites you but does no damage. x2
You hit the worm.
The worm is moderately wounded.
The adder bites you but does no damage. The adder barely misses you.
The worm bites you.
You barely miss the worm.
The worm is moderately wounded.
The adder barely misses you. The adder bites you but does no damage.
The worm bites you!
* * * LOW HITPOINT WARNING * * *
The adder bites you but does no damage.
You hit the worm.
The worm is moderately wounded.
Your transformation is almost over.
The adder bites you but does no damage. x2; The adder bites you.
* * * LOW HITPOINT WARNING * * *
You hit the worm.
The worm is moderately wounded.
The adder bites you but does no damage. x2; The worm bites you.
You die...

# #. #.####
###.....
......#
#..#.#
#..#♣#####.#
#..wSS.....#
#.....######
##.#..#
###.#..#
#.###...#$.#
#..........#
#####.#.##.#
#.#.# ...


You could see a worm and 2 adders.

Vanquished Creatures
  A bat (D:2)
  An endoplasm (D:1)
  4 hobgoblins (D:1)
  7 jackals (D:1)
  2 kobolds (D:1)
  A ball python (D:1)
  A frilled lizard (D:1)
  4 rats (D:1)
21 creatures vanquished.

Notes
Turn   | Place    | Note
-------+----------+-------------------------------------------
     0 | D:1      | lawman0 the Draconian Hedge Wizard began the quest for the
                  | Orb.
     0 | D:1      | Reached XP level 1. HP: 14/14 MP: 4/4
   348 | D:1      | Reached XP level 2. HP: 13/22 MP: 1/6
   350 | D:1      | Learned a level 1 spell: Slow
   353 | D:1      | Learned a level 2 spell: Blink
   356 | D:1      | Learned a level 2 spell: Call Imp
   960 | D:1      | You fall into a shaft and drop 1 floor!
   979 | D:2      | Identified a scroll of acquirement
   979 | D:2      | Acquired a +2 pair of boots of flying
  1017 | D:2      | Slain by a worm

Illustrated notes

Levels and vault maps discovered:
D:1:      lightli_arrival_quake, layout_basic, minmay_split_cup_small
D:2:      layout_loops_ring

Skill      XL: |  1  2 |
---------------+-------+-----
Dodging        | 2 |  2.1
Fighting       | |  0.4
Stealth        | |  1.9
Spellcasting   | |  3.4
Conjurations   | |  1.4
Summonings     | |  1.0
Translocations | |  1.0

Action                   || total
-------------------------++-------
Melee: Dagger            ||    88
       Tailslap          ||     5
 Cast: Magic Dart        ||    46
  Use: Scroll            ||     2
       Potion            ||     2
Armor: Skin              ||   108
Dodge: Dodged            ||    60

Table legend: (Time is in decaauts)
 A = Elapsed time spent in this place.
 B = Non-inter-level travel time spent in this place.
 C = Inter-level travel time spent in this place.
 D = Time resting spent in this place.
 E = Time spent auto-exploring this place.
 F = Levels seen in this place.
 G = Mean time per level.
                   A        B        C        D        E       F      G
               +--------+--------+--------+--------+--------+-----+--------+
         Total |   1016 |   1016 |      0 |    179 |    636 |   2 |  508.0 |
       Dungeon |   1016 |   1016 |      0 |    179 |    636 |   2 |  508.0 |
               +--------+--------+--------+--------+--------+-----+--------+

Top non-repeatable levels by time:
     D:1: 960 daAuts
     D:2: 56 daAuts
